 Dungeon Crawl Stone Soup version 0.29-a0-670-g5ff2a30383 (webtiles) character file.

Game seed: 14187490895312542499

17887 Telegenic the Fencer (level 12, -1/168 HPs)
             Began as a Minotaur Monk on June 24, 2022.
             Was an Elder of Makhleb.
             Slain by a 12-headed hydra (12 damage)
             ... on level 13 of the Dungeon.
             The game lasted 00:56:15 (11135 turns).

Telegenic the Fencer (Minotaur Monk)               Turns: 11135, Time: 00:56:16

Health: -1/168     AC: 30    Str: 20    XL:     12   Next: 22%
Magic:  12/12      EV:  2    Int:  7    God:    Makhleb [****..]
Gold:   615        SH:  0    Dex: 18    Spells: 11/11 levels left

rFire   . . .      SeeInvis .   t - +10 long sword "Zusiyff" {speed, Dex+4}
rCold   . . .      Faith    +   (no shield)
rNeg    . . .      Spirit   .   (body armour currently unavailable)
rPois   +          Reflect  .   (helmet currently unavailable)
rElec   .          Harm     .   (cloak currently unavailable)
rCorr   .          Rampage  .   (gloves currently unavailable)
Will    .....      NoTele   +   (boots currently unavailable)
Stlth   ++........              a - amulet of faith
HPRegen 0.38/turn               g - +4 ring of protection
MPRegen 0.13/turn               (no ring)

@: confused, tree-form, ambrosia-drunk
A: stationary, stasis, torment immunity, boosted hp, (horns 2), (retaliatory
headbutt)
a: Renounce Religion, Minor Destruction, Lesser Servant of Makhleb, Major
Destruction


You were on level 13 of the Dungeon.
You worshipped Makhleb.
Makhleb was greatly pleased with you.
You were a tree.
You visited 3 branches of the dungeon, and saw 16 of its levels.

You collected 909 gold pieces.
You spent 294 gold pieces at shops.

Inventory:

Hand Weapons
 t - the +10 long sword "Zusiyff" (weapon) {speed, Dex+4}
   (You found it on level 2 of the Dungeon)

   Attacks with this weapon are significantly faster.
   Dex:       It affects your dexterity (+4).
 u - a +4 great sword of freezing
 H - a +2 scimitar of flaming
 S - a +6 short sword
 Y - a +2 hand axe
 Z - the +1 war axe of Wyrd {spect, *Rage rPois rC+}
   (You found it on level 7 of the Dungeon)

   When its wielder attacks, the weapon's spirit leaps out and strikes again.
   The spirit shares a part of any damage it takes with its wielder.
   rC:        It protects you from cold.
   rPois:     It protects you from poison.
   *Rage:     It berserks you when you make melee attacks (+20% chance).
Missiles
 i - 114 stones (quivered)
Armour
 v - a +0 pair of boots (melded)
 B - a +0 pair of gloves (melded)
 M - a +1 leather armour of poison resistance (melded)
 U - the +2 ratskin cloak (melded) {*Rats rPois rN+ Str-1 Int-1 Dex+1}
   (You found it on level 6 of the Dungeon)

   When the wearer is hurt, rats may emerge from it to assist them.
   Str:       It affects your strength (-1).
   Int:       It affects your intelligence (-1).
   Dex:       It affects your dexterity (+1).
   rPois:     It protects you from poison.
   rN:        It protects you from negative energy.
Jewellery
 a - an amulet of faith (around neck)
 g - a +4 ring of protection (left branch)
 w - an amulet of regeneration
Wands
 f - a wand of iceblast (6)
 o - a wand of charming (4)
 z - a wand of digging (9)
 C - a wand of polymorph (10)
 K - a wand of flame (21)
 X - a wand of acid (2)
Scrolls
 b - a scroll of immolation {unknown}
 e - 2 scrolls of enchant armour {unknown}
 m - 4 scrolls of teleportation {unknown}
 n - 2 scrolls of blinking
 p - a scroll of acquirement {unknown}
 y - a scroll of poison {unknown}
 E - 3 scrolls of amnesia
 F - a scroll of summoning {unknown}
 I - a scroll of vulnerability {unknown}
 Q - a scroll of magic mapping
 R - 3 scrolls of fog
Potions
 c - 2 potions of ambrosia
 d - 3 potions of curing
 j - 2 potions of berserk rage {unknown}
 k - a potion of cancellation {unknown}
 s - 3 potions of lignification
 A - 2 potions of might {unknown}
 D - 3 potions of attraction
 G - 2 potions of mutation {unknown}
 J - a potion of flight {unknown}
 O - a potion of brilliance {unknown}
 W - a potion of magic {unknown}


   Skills:
 + Level 12.0 Fighting
 + Level 15.2 Long Blades
 + Level 5.3 Maces & Flails
 + Level 0.3 Throwing
 + Level 6.5 Armour
 + Level 8.8 Dodging
 + Level 6.7 Stealth
 + Level 1.6 Invocations
 + Level 1.1 Evocations


You had 11 spell levels left.
You didn't know any spells.
Your spell library contained the following spells:

 Spells                   Type           Power      Damage    Failure   Level
 Slow                     Hex            0%         N/A       43%         1
 Blink                    Tloc           0%         N/A       56%         2
 Poisonous Vapours        Pois/Air       0%         N/A       56%         2
 Static Discharge         Conj/Air       0%         N/A       56%         2
 Confusing Touch          Hex            0%         N/A       80%         3
 Lesser Beckoning         Tloc           0%         N/A       80%         3
 Vampiric Draining        Necr           0%         2d6       80%         3
 Animate Dead             Necr           0%         N/A       99%         4
 Corpse Rot               Necr/Pois/Air  0%         N/A       99%         4
 Dispel Undead            Necr           0%         3d6       99%         4
 Summon Ice Beast         Ice/Summ       0%         N/A       99%         4
 Lightning Bolt           Conj/Air       0%         1d11      100%        5
 Manifold Assault         Tloc           0%         N/A       100%        5
 Summon Mana Viper        Hex/Summ       0%         N/A       100%        5
 Death Channel            Necr           0%         N/A       100%        6
 Haunt                    Necr/Summ      0%         N/A       100%        7
 Monstrous Menagerie      Summ           0%         N/A       100%        7
 Infestation              Necr           0%         N/A       100%        8
 Maxwell's Capacitive Co  Air            0%         ∞         100%        8


Dungeon Overview and Level Annotations

Branches:
Dungeon (14/15)            Temple (1/1) D:7            Lair (1/6) D:9
    Orc (0/2) D:12         Vaults (0/5) D:14

Altars:
Ashenzari
Cheibriados
Dithmenos
Elyvilon
Fedhas
Gozag
Hepliaklqana
Kikubaaqudgha
Makhleb
Nemelex Xobeh
Okawaru
Qazlal
Ru
Sif Muna
Trog
Uskayaw
Vehumet
Wu Jian
Xom
Yredelemnul
Zin
The Shining One

Shops:
D:12 !   D:13 ?


Innate Abilities, Weirdness & Mutations

You are a tree.
Your roots penetrate the ground, keeping you stationary.
You cannot be teleported.
You are immune to unholy pain and torment.
Your maximum health is greatly increased.
Your equipment is partially melded.
((You have a pair of horns on your head.))
((You reflexively headbutt those who attack you in melee.))


Message History

The 12-headed hydra bites you but does no damage.
The 12-headed hydra closely misses you. x2
The 12-headed hydra barely misses you. The 12-headed hydra closely misses you.
The 12-headed hydra bites you.
* * * LOW HITPOINT WARNING * * *
The 12-headed hydra bites you.
* * * LOW HITPOINT WARNING * * *
The 12-headed hydra closely misses you. The 12-headed hydra bites you!
* * * LOW HITPOINT WARNING * * *
Okay, then.
Okay, then.
You are too confused!
You feel much better.
The 12-headed hydra is no longer covered in acid.
The 12-headed hydra bites you!
* * * LOW HITPOINT WARNING * * *
The 12-headed hydra bites you.
* * * LOW HITPOINT WARNING * * *
The 12-headed hydra completely misses you.
The 12-headed hydra misses you.
The 12-headed hydra completely misses you.
The 12-headed hydra bites you!
* * * LOW HITPOINT WARNING * * *
The 12-headed hydra bites you!
* * * LOW HITPOINT WARNING * * *
The 12-headed hydra bites you.
* * * LOW HITPOINT WARNING * * *
The 12-headed hydra barely misses you.
The 12-headed hydra bites you but does no damage. x2
The 12-headed hydra misses you.
Really quaff the potion of lignification?
You turn into a tree.
The +2 ratskin cloak {*Rats rPois rN+ Str-1 Int-1 Dex+1} melds into your body.
Your +0 pair of gloves melds into your body.
Your +0 pair of boots melds into your body.
Your +1 leather armour of poison resistance melds into your body.
You no longer feel resistant to poison.
Your roots penetrate the ground.
The 12-headed hydra bites you but does no damage.
The 12-headed hydra bites you!
You die...

*,* #.##.#.##........#,*
*,* *,*
#..............#...#***,*
*,*
####.#.####...##*,..,,,,*
*,*****#.#.......##
*********
*,,,,,,..#######.#
******#### #.# #r# #r# #♣#
#D# #.# #.#
*******#######)###########
*,,,**,..............<...#
*,,,,,,######...########.#
*,,,**** #.....# *,* **,**
##...## ***,****


You could see a 12-headed hydra (ally target), a friendly hell rat and a
friendly river rat.

Vanquished Creatures
  Snorg (D:10)
  A boulder beetle (D:13)
  Erolcha (D:10)
  Erica (D:9)
  Urug (D:10)
  Pikel (D:4)
  A deep elf pyromancer (D:14)
  A cyclops (D:9)
  7 ugly things
  2 komodo dragons
  A yaktaur (shapeshifter) (D:14)
  5 trolls
  A hornet (D:8)
  3 slime creatures
  A centaur simulacrum (D:14)
  18 yaks
  A vampire (D:10)
  A shadow (D:9)
  3 wyverns
  A steam dragon (D:9)
  3 vampire mosquitoes (D:10)
  Menkaure (D:5)
  Edmund (D:4)
  A warg (D:5)
  A water moccasin (D:5)
  Duvessa (D:5)
  2 ice beasts
  2 orc warriors
  A black bear (D:5)
  5 centaurs
  2 phantoms
  A lemure (D:4)
  2 kobold brigands
  4 bullfrogs
  4 scorpions
  12 wights
  Dowan (D:5)
  6 killer bees (D:8)
  A howler monkey (D:10)
  2 hounds
  2 jellies (D:5)
  3 orc priests
  A gnoll shaman (D:7)
  Jessica (D:3)
  3 iguanas
  5 orc wizards
  6 gnolls
  7 adders
  2 white imps
  2 worms (D:3)
  3 dart slugs
  19 orcs
  3 bats
  6 endoplasms
  2 giant cockroaches
  6 goblins
  6 hobgoblins
  8 quokkas
  3 ball pythons
  A frilled lizard (D:1)
  12 kobolds
  6 rats
212 creatures vanquished.

Vanquished Creatures (collateral kills)
  A manticore (D:12)
  A kobold brigand (D:8)
  2 kobolds
4 creatures vanquished.

Vanquished Creatures (others)
  2 fungi (D:1)
  2 plants (D:1)
4 creatures vanquished.

Grand Total: 220 creatures vanquished

Notes
Turn   | Place    | Note
-------+----------+-------------------------------------------
     0 | D:1      | Telegenic the Minotaur Monk began the quest for the Orb.
     0 | D:1      | Reached XP level 1. HP: 19/19 MP: 0/0
   324 | D:1      | Reached XP level 2. HP: 27/27 MP: 1/1
   428 | D:1      | Found a faded altar of an unknown god.
   442 | D:1      | Reached XP level 3. HP: 33/33 MP: 2/2
  1482 | D:2      | Identified the +10 long sword "Zusiyff" {speed, Dex+4}
  1936 | D:3      | Reached XP level 4. HP: 40/40 MP: 3/3
  2462 | D:3      | Noticed Jessica
  2468 | D:3      | Killed Jessica
  2469 | D:3      | Reached skill level 1 in Long Blades
  2538 | D:3      | Reached XP level 5. HP: 47/47 MP: 4/4
  2693 | D:3      | Reached skill level 2 in Long Blades
  2807 | D:4      | Noticed Pikel
  2807 | D:4      | Noticed a lemure
  2807 | D:4      | Noticed a lemure
  2807 | D:4      | Noticed a lemure
  2807 | D:4      | Noticed a lemure
  2812 | D:4      | Killed a lemure
  2821 | D:4      | Killed Pikel
  2822 | D:4      | Reached skill level 5 in Fighting
  2822 | D:4      | Reached skill level 5 in Long Blades
  2822 | D:4      | Reached skill level 1 in Armour
  2822 | D:4      | Reached XP level 6. HP: 56/56 MP: 5/5
  2822 | D:4      | Reached XP level 7. HP: 61/61 MP: 6/6
  2868 | D:4      | Reached skill level 5 in Dodging
  2989 | D:4      | Reached skill level 6 in Long Blades
  3517 | D:4      | Noticed Edmund
  3524 | D:4      | Killed Edmund
  4019 | D:5      | Entered Level 5 of the Dungeon
  4074 | D:5      | Noticed Menkaure
  4075 | D:5      | Noticed Eustachio
  4085 | D:5      | Reached skill level 7 in Long Blades
  4085 | D:5      | Reached XP level 8. HP: 68/70 MP: 7/7
  4089 | D:5      | Killed Menkaure
  4090 | D:5      | Noticed Eustachio
  4090 | D:5      | Eustachio changed into Eustachio the warg
  4094 | D:5      | Killed Eustachio the warg
  4191 | D:5      | Noticed Duvessa
  4191 | D:5      | Noticed Dowan
  4201 | D:5      | Killed Duvessa
  4202 | D:5      | Reached skill level 8 in Long Blades
  4204 | D:5      | Killed Dowan
  4733 | D:5      | Reached skill level 9 in Long Blades
  4775 | D:5      | Reached XP level 9. HP: 78/78 MP: 8/8
  5205 | D:6      | Identified the +0 cloak of Fortitude {Rampage rPois}
  5511 | D:6      | Reached skill level 5 in Maces & Flails
  6047 | D:6      | Found the +2 ratskin cloak {*Rats rPois rN+ Str-1 Int-1
                  | Dex+1}
  6240 | D:7      | Found a white marble altar of Elyvilon.
  6283 | D:7      | Reached skill level 10 in Long Blades
  6289 | D:7      | Reached skill level 5 in Stealth
  6587 | D:7      | Found a staircase to the Ecumenical Temple.
  6597 | D:7      | Identified the +1 war axe of Wyrd {spect, *Rage rPois rC+}
  6602 | Temple   | Entered the Ecumenical Temple
  6649 | Temple   | Became a worshipper of Makhleb the Destroyer
  6649 | Temple   | Reached * piety under Makhleb
  6649 | Temple   | Reached ** piety under Makhleb
  6708 | D:7      | Found a broken altar of Ashenzari.
  7040 | D:8      | Reached skill level 11 in Long Blades
  7154 | D:8      | Reached XP level 10. HP: 84/88 MP: 9/9
  7242 | D:8      | Found an ornate altar of the Wu Jian Council.
  7921 | D:9      | Noticed a cyan ugly thing
  7935 | D:9      | Killed a cyan ugly thing
  7936 | D:9      | Reached skill level 12 in Long Blades
  7939 | D:9      | Reached skill level 5 in Armour
  8030 | D:9      | Found a staircase to the Lair.
  8104 | Lair:1   | Entered Level 1 of the Lair of Beasts
  8124 | Lair:1   | Noticed a five-headed hydra
  8209 | D:9      | Noticed a deep elf pyromancer
  8211 | D:9      | Noticed a death knight
  8289 | D:9      | Noticed Erica
  8298 | D:9      | Reached skill level 13 in Long Blades
  8306 | D:9      | Killed Erica
  8329 | D:9      | Noticed a cyclops
  8329 | D:9      | Noticed a deep elf pyromancer
  8410 | D:9      | Killed a cyclops
  8411 | D:9      | Reached XP level 11. HP: 72/97 MP: 10/10
  8418 | D:9      | Reached *** piety under Makhleb
  8629 | D:10     | Entered Level 10 of the Dungeon
  8706 | D:10     | Reached skill level 14 in Long Blades
  8766 | D:10     | Reached skill level 1 in Invocations
  8889 | D:10     | Reached skill level 10 in Fighting
  8913 | D:10     | Noticed Erolcha
  8934 | D:10     | Killed Erolcha
  9115 | D:10     | Noticed Snorg
  9127 | D:10     | Killed Snorg
  9206 | D:10     | Noticed Urug
  9213 | D:10     | Killed Urug
  9277 | D:10     | Found a glowing golden altar of the Shining One.
  9277 | D:10     | Found a snail-covered altar of Cheibriados.
  9284 | D:10     | Found a basalt altar of Yredelemnul.
  9286 | D:10     | Found a blossoming altar of Fedhas.
  9288 | D:10     | Found an ancient bone altar of Kikubaaqudgha.
  9590 | D:11     | You fall into a shaft and drop 3 floors!
  9698 | D:14     | Noticed a deep elf pyromancer
  9706 | D:14     | Killed a deep elf pyromancer
  9820 | D:14     | Noticed a purple ugly thing
  9820 | D:14     | Noticed a purple ugly thing
  9828 | D:14     | Noticed a purple ugly thing
  9830 | D:14     | Noticed a purple ugly thing
  9834 | D:14     | Killed a purple ugly thing
  9835 | D:14     | Noticed a purple ugly thing
  9835 | D:14     | Noticed a purple ugly thing
  9849 | D:14     | Killed a purple ugly thing
  9855 | D:14     | Killed a white ugly thing
  9864 | D:14     | Killed a purple ugly thing
  9876 | D:14     | Killed a brown ugly thing
  9877 | D:14     | Reached skill level 1 in Evocations
  9877 | D:14     | Reached XP level 12. HP: 80/110 MP: 12/12
  9884 | D:14     | Reached skill level 15 in Long Blades
  9995 | D:14     | Found a gate to the Vaults.
  9995 | D:14     | Noticed a tengu warrior
  9995 | D:14     | Noticed a vault guard
  9995 | D:14     | Noticed a centaur warrior
  9995 | D:14     | Noticed a vault guard
  9995 | D:14     | Noticed a vault guard
  9995 | D:14     | Noticed a vault guard
  9995 | D:14     | Noticed a centaur warrior
 10369 | D:13     | Noticed a boulder beetle
 10387 | D:13     | Killed a boulder beetle
 10404 | D:13     | Found Qudd's Magic Scroll Shoppe.
 10407 | D:13     | Noticed a seven-headed hydra
 10439 | D:12     | Found an opulent altar of Gozag.
 10450 | D:12     | Reached **** piety under Makhleb
 10996 | D:12     | Found a staircase to the Orcish Mines.
 11054 | D:12     | Found Masellidu's Distillery.
 11062 | D:12     | Bought 2 potions of ambrosia for 224 gold pieces
 11062 | D:12     | Bought a potion of heal wounds for 70 gold pieces
 11134 | D:13     | HP: 5/112 [12-headed hydra (5)]
 11135 | D:13     | Slain by a 12-headed hydra

Illustrated notes

Levels and vault maps discovered:
D:1:      wander_arrival_fairy_ring, layout_basic,
          shapermc_ecumenical_altar_mp_urbaneastern
D:2:      layout_loops_ring, kennysheep_boxes
D:3:      layout_basic, uniq_jessica
D:4:      layout_basic, uniq_pikel, uniq_edmund
D:5:      layout_basic, uniq_menkaure, uniq_eustachio, uniq_duvessa
D:6:      layout_basic, serial_corexii_hall, corexii_hall_statues_deadend,
          chequers_hall_statues_y, corexii_hall_statues_x,
          corexii_hall_statues_u
D:7:      layout_loops_ring, ashenzari_conservatory_becter,
          mainiacjoe_overflow_surrounded_room, minmay_temple_entry_ruins,
          due_unseen_surprise
D:8:      nicolae_cairo_tiling_large_dashed, layout_basic, amcnicky_altar_gilded
D:9:      hangedman_cross_cluster, layout_rooms, hangedman_abyss_or_decor_slice,
          uniq_erica
D:10:     layout_roguey, chequers_temple_overflow_minitemple,
          minmay_misc_feat_x, kennysheep_small_circle, uniq_snorg, uniq_erolcha,
          uniq_urug
D:11:     layout_small_grid, biasface_ghost_orc_armoury, st_stairs_9
D:12:     layout_roguey, orc_0_dummy, serial_shops, nicolae_stop_n_shop_2,
          nicolae_gozag_seed_capital
D:13:     layout_loops_corners, serial_shops, nicolae_diamond_shop,
          minmay_checkerbox
D:14:     layout_long_grid, lightli_vaults_fourway_checkpoint,
          lemuel_round_altar, kennysheep_nub, uniq_josephine
Temple:   eino_temple_lava
Lair:1:   layout_gridlike, lemuel_fruit_tree, grunt_megastairs_3,
          infiniplex_staircase_pool_2, uniq_nergalle

Skill      XL: |  1  2  3  4  5  6  7  8  9 10 11 12 |
---------------+-------------------------------------+-----
Fighting       | 4 5 6 7 9 11 12 | 12.0
Maces & Flails | 4 5 |  5.3
Dodging        | 4 5 6 8 |  8.8
Stealth        | 2 3 4 5 6 |  6.7
Long Blades    | 1 5 7 9 11 13 14 15 | 15.2
Armour         | 1 2 4 5 6 |  6.5
Invocations    | 1 |  1.6
Evocations     | 1 |  1.1
Throwing       | |  0.3

Action                   |  1- 3 |  4- 6 |  7- 9 | 10-12 || total
-------------------------+-------+-------+-------+-------++-------
Melee: Mace              |    51 |       |     6 |       ||    57
       Headbutt          |    13 |     4 |    23 |    84 ||   124
       Long sword        |    16 |    42 |   174 |   326 ||   558
       Punch             |       |       |     2 |     5 ||     7
Throw: Stone             |       |       |     1 |     1 ||     2
Invok: Lesser Servant of |       |       |       |     2 ||     2
       Major Destruction |       |       |       |     1 ||     1
Evoke: Wand              |       |       |     1 |     6 ||     7
  Use: Scroll            |     1 |     1 |     8 |     8 ||    18
       Potion            |       |       |     1 |    17 ||    18
 Stab: Sleeping          |     2 |     2 |    11 |     5 ||    20
       Distracted        |       |       |       |     2 ||     2
Armor: Robe              |     7 |     3 |       |       ||    10
       Ring mail         |       |     7 |    18 |       ||    25
       Leather armour    |       |       |    21 |   136 ||   157
       Skin              |       |       |     2 |     1 ||     3
Dodge: Dodged            |    46 |    21 |    80 |   246 ||   393

Table legend: (Time is in decaauts)
 A = Elapsed time spent in this place.
 B = Non-inter-level travel time spent in this place.
 C = Inter-level travel time spent in this place.
 D = Time resting spent in this place.
 E = Time spent auto-exploring this place.
 F = Levels seen in this place.
 G = Mean time per level.
                   A        B        C        D        E       F      G
               +--------+--------+--------+--------+--------+-----+--------+
         Total |  10880 |  10880 |      0 |    632 |   6669 |  16 |  680.0 |
       Dungeon |  10789 |  10789 |      0 |    632 |   6669 |  14 |  770.6 |
        Temple |     56 |     56 |      0 |      0 |      0 |   1 |   56.0 |
          Lair |     34 |     34 |      0 |      0 |      0 |   1 |   34.0 |
               +--------+--------+--------+--------+--------+-----+--------+

Top non-repeatable levels by time:
     D:4: 1253 daAuts
     D:6: 1236 daAuts
     D:1: 1126 daAuts
     D:8: 987 daAuts
     D:3: 971 daAuts
     D:5: 900 daAuts
    D:10: 769 daAuts
     D:7: 728 daAuts
     D:2: 661 daAuts
    D:12: 621 daAuts
     D:9: 546 daAuts
    D:13: 468 daAuts
    D:14: 370 daAuts
    D:11: 146 daAuts
  Temple: 56 daAuts
